 Dungeon Crawl Stone Soup version 0.24.0-125-gc4c63601f3 (webtiles) character file.

Game seed: 3517651777625323037, levelgen mode: deterministic

3617 Mesmaeker13 the Fighter (level 10, -6/90 (91) HPs)
             Began as a Ghoul Gladiator on Mar 12, 2020.
             Was a High Priest of Ru.
             Mangled by a cyan ugly thing (16 damage)
             ... on level 8 of the Dungeon.
             The game lasted 00:20:59 (10374 turns).

Mesmaeker13 the Fighter (Ghoul Gladiator)          Turns: 10374, Time: 00:20:59

HP:   -6/90 (91)    AC: 13    Str: 19    XL:     10   Next: 11%
MP:   9/9           EV:  7    Int:  4    God:    Ru [*****.]
Gold: 241           SH:  0    Dex: 12    Spells: 9/9 levels left

rFire    + . .     SeeInvis +   c - +3 scimitar
rCold    + + .     Gourm    .   (shield unavailable)
rNeg     + + +     Faith    .   D - +0 chain mail
rPois    ∞         Spirit   .   d - +2 hat
rElec    .         Reflect  .   l - scarf {rC+ rF+}
rCorr    .         Harm     .   (no gloves)
MR       .....                  v - +0 pair of boots
Stlth    ..........             (no amulet)
HPRegen  0.00/turn              (ring unavailable)
MPRegen  0.11/turn              C - ring of see invisible

@: about to teleport, rotting
A: rotting body, claws 1, carnivore, cold resistance 1, negative energy
resistance 3, inhibited regeneration, torment resistance, unbreathing, missing a
hand, inability to train dodging, no poison magic, no summoning magic, no
transmutations magic
a: Draw Out Power, Power Leap, Apocalypse, Renounce Religion


You were on level 8 of the Dungeon.
You worshipped Ru.
Ru was extremely pleased with you.
You were not hungry.

You visited 1 branch of the dungeon, and saw 9 of its levels.
You also visited: Sewer.

You collected 469 gold pieces.
You spent 228 gold pieces at shops.

Inventory:

Hand Weapons
 c - a +3 scimitar (weapon)
 u - a +4 trident
Armour
 d - a +2 hat (worn)
 l - a scarf of resistance (worn)
 v - a +0 pair of boots (worn)
 D - a +0 chain mail (worn)
Jewellery
 y - a +2 ring of strength
 C - a ring of see invisible (right claw)
 H - an uncursed amulet of magic regeneration {unknown}
Wands
 E - a wand of digging (3)
 F - a wand of flame (11)
Scrolls
 g - a scroll of magic mapping
 h - 5 scrolls of teleportation
 i - 2 scrolls of enchant weapon
 j - 8 scrolls of remove curse
 k - a scroll of enchant armour
 m - a scroll of fear
 o - 3 scrolls of amnesia {unknown}
 p - 5 scrolls of fog
 r - 2 scrolls of random uselessness {unknown}
 t - 2 scrolls of blinking {unknown}
Potions
 b - 2 potions of haste {unknown}
 e - a potion of heal wounds {unknown}
 n - 8 potions of flight
 q - 4 potions of brilliance
 s - a potion of resistance {unknown}
 w - 3 potions of agility
 x - a potion of degeneration {unknown}
 z - a potion of berserk rage {unknown}
 A - 2 potions of invisibility {unknown}
 B - 2 potions of magic {unknown}
 G - a potion of curing {unknown}
Comestibles
 a - 3 chunks of flesh
 f - 12 rations


   Skills:
 + Level 9.2 Fighting
 + Level 8.0 Long Blades
 - Level 1.7 Throwing
 + Level 6.5 Armour
   Level 0.0 Dodging


You had 9 spell levels left.
You didn't know any spells.
Your spell library contained the following spells:

 Spells                   Type           Power        Failure   Level  Hunger
 Confusing Touch          Hex            #.....       99%         1    ##.....
 Freeze                   Ice            #...         99%         1    ##.....
 Throw Frost              Conj/Ice       #.....       100%        2    ###....
 Ozocubu's Armour         Chrm/Ice       #.......     100%        3    ####...
 Throw Icicle             Conj/Ice       #.......     100%        4    #####..
 Summon Ice Beast         Ice/Summ       Unusable     N/A         4    N/A

Dungeon Overview and Level Annotations

Branches:
Dungeon (9/15)             Temple (0/1) D:6           Sewer (visited)
   Lair: D:8-11         Orc: D:9-12

Altars:
Ashenzari
Kikubaaqudgha
Makhleb
Okawaru
Ru
Sif Muna
Vehumet
Wu Jian
The Shining One

Shops:
D:5 [}*

Annotations:
D:8 1 runed translucent door, hazymike's ghost, novice OgSk


Innate Abilities, Weirdness & Mutations

Your body is rotting away.
You thrive on raw meat.
You are immune to poison.
You have sharp fingernails.
You are carnivorous and can eat meat at any time.
Your flesh is cold resistant. (rC+)
You are immune to negative energy. (rN+++)
You do not regenerate when monsters are visible.
You are immune to unholy pain and torment.
You can survive without breathing.
You are missing a hand.
You cannot train Dodging skill.
You cannot study or cast Poison magic.
You cannot study or cast Summoning magic.
You cannot study or cast Transmutations magic.


Message History

You are too injured to fight recklessly!
The cyan ugly thing gores you. The cyan ugly thing shocks you!
* * * LOW HITPOINT WARNING * * *
You focus your will and blind the cyan ugly thing in retribution!
There is a stone staircase leading up here.
The cyan ugly thing gores you but does no damage.
You climb upwards.
Level annotation: 1 runed translucent door, hazymike's ghost, novice OgSk
There is a stone staircase leading down here.
The cyan ugly thing is no longer blind.
Items here: )) [[ a +0 ring mail; a +0 club; a +0 robe; a +0 dagger The cyan ugly thing gores you but does no damage.
The cyan ugly thing gores you but does no damage.
Okay, then.
As you read the scroll of teleportation, it crumbles to dust.
You feel strangely unstable. The cyan ugly thing gores you.
* * * LOW HITPOINT WARNING * * *
The cyan ugly thing shocks you!
You die...

^#.#^.#.# ##### ##'####.# #....
.#.#....# #....
.###..#.############ #....
....)...##.........# #....
....##..[..........# #....
....#####.....>....# #....
.....#####.........#### #....
.......# #......@u....# #>...
.......# #......>..##.# #....
....#..####.#########.########...
..###......[[....##..........#...
..####..#.#[####.............#...
....###.....# ###...........#...
..#.####....### ###.....##......
..#..###......### ####..#.......
..##..##........## #..........


You could see a cyan ugly thing.

Vanquished Creatures
  A hippogriff (D:9)
  Eustachio (D:5)
  2 water moccasins
  3 orc warriors
  A hornet zombie (D:7)
  An ice beast (D:8)
  A sky beast (D:7)
  A black bear (D:8)
  A phantom (D:7)
  3 ogres
  2 centaurs
  Blork the orc (D:6)
  3 bullfrogs
  A gnoll sergeant (D:5)
  2 scorpions
  4 killer bees (D:8)
  4 wights
  A crimson imp (D:8)
  2 centaur zombies
  A quasit (D:8)
  3 hounds
  3 jellies
  2 bullfrog skeletons
  2 orc priests
  A gnoll shaman (D:7)
  A centaur skeleton (D:4)
  7 orc wizards
  2 iguanas
  5 worker ants
  2 hound skeletons
  A worker ant zombie (D:3)
  10 gnolls
  10 adders
  A river rat (D:5)
  3 shadow imps
  3 oozes
  5 worms
  8 leopard geckos
  27 orcs
  13 bats
  7 giant cockroaches
  10 goblins
  7 hobgoblins
  12 jackals
  3 quokkas
  2 ball pythons
  3 frilled lizards
  5 kobolds
  A leopard gecko skeleton (D:7)
  A quokka skeleton (D:6)
  A quokka zombie (D:5)
  7 rats (D:1)
204 creatures vanquished.

Notes
Turn   | Place    | Note
-------+----------+-------------------------------------------
     0 | D:1      | Mesmaeker13 the Ghoul Gladiator began the quest for the
                  | Orb.
     0 | D:1      | Reached XP level 1. HP: 17/17 MP: 0/0
    29 | D:1      | Reached XP level 2. HP: 13/25 MP: 1/1
   467 | D:1      | Reached XP level 3. HP: 23/30 MP: 2/2
   663 | D:1      | Reached skill level 3 in Fighting
  1153 | D:1      | Reached XP level 4. HP: 15/38 MP: 3/3
  2245 | D:2      | Found a burning altar of Makhleb.
  2245 | D:2      | Noticed a balrug
  2567 | D:3      | Reached XP level 5. HP: 29/42 MP: 4/4
  2830 | D:3      | Found a shattered altar of Ashenzari.
  2830 | D:3      | Found a sacrificial altar of Ru.
  2854 | D:3      | Became a worshipper of Ru the Awakened
  3617 | D:4      | Noticed an ogre
  3645 | D:4      | Killed an ogre
  3645 | D:4      | Reached skill level 4 in Fighting
  3645 | D:4      | Reached XP level 6. HP: 51/53 MP: 5/5
  3818 | D:4      | Found a radiant altar of Vehumet.
  3822 | D:4      | Found an ancient bone altar of Kikubaaqudgha.
  3823 | D:4      | Found a shimmering blue altar of Sif Muna.
  3846 | D:4      | Identified Sif Muna's Collected Works on Bewitchment
  4065 | D:4      | Gained mutation: You cannot train Dodging skill. [Ru
                  | sacrifice]
  4065 | D:4      | Reached * piety under Ru
  4754 | D:5      | Entered Level 5 of the Dungeon
  4790 | D:5      | Found a glowing drain.
  4837 | D:5      | Reached XP level 7. HP: 46/59 MP: 6/6
  4852 | D:5      | Reached skill level 5 in Fighting
  4852 | D:5      | Reached skill level 1 in Armour
  4874 | D:5      | Found Rauvio's Assorted Antiques.
  4893 | Sewer    | Entered a sewer
  5383 | D:5      | Bought a steaming buckler for 228 gold pieces
  5389 | D:5      | Identified the -2 buckler of Maash {+Inv rPois} (You bought
                  | it in a shop on level 5 of the Dungeon)
  5590 | D:5      | Found Zeycsyuts's Armour Shop.
  5632 | D:5      | Got an ancient hat
  5643 | D:5      | Identified the cursed -4 hat "Hezissuj" {Int+2 Slay+2} (You
                  | found it on level 5 of the Dungeon)
  6053 | D:5      | Found Feck's Gadget Shop.
  6175 | D:5      | Noticed Eustachio
  6203 | D:5      | Killed Eustachio
  6203 | D:5      | Reached skill level 5 in Long Blades
  6617 | D:6      | Found a staircase to the Ecumenical Temple.
  6644 | D:6      | Reached XP level 8. HP: 67/70 MP: 7/7
  6656 | D:6      | Noticed Blork the orc
  6689 | D:5      | Reached skill level 6 in Fighting
  6927 | D:5      | HP: 3/70 [wight/+0 halberd (3)]
  7360 | D:6      | Gained mutation: You are missing a hand. [Ru sacrifice]
  7360 | D:6      | Reached ** piety under Ru
  7360 | D:6      | Reached *** piety under Ru
  7360 | D:6      | Reached **** piety under Ru
  7380 | D:6      | Killed Blork the orc
  7678 | D:6      | Reached skill level 7 in Fighting
  7689 | D:6      | Found an ornate altar of the Wu Jian Council.
  7707 | D:6      | Found a glowing golden altar of the Shining One.
  7929 | D:7      | Reached XP level 9. HP: 66/79 MP: 8/8
  8647 | D:7      | Reached skill level 5 in Armour
  8900 | D:7      | Found an iron altar of Okawaru.
  8910 | D:7      | Reached skill level 8 in Fighting
  9833 | D:8      | Found a runed translucent door.
  9835 | D:8      | Noticed hazymike's ghost (novice OgSk)
 10099 | D:9      | Reached skill level 9 in Fighting
 10105 | D:9      | Reached XP level 10. HP: 85/90 MP: 9/9
 10122 | D:9      | Gained mutation: You cannot study or cast Poison magic. [Ru
                  | sacrifice]
 10122 | D:9      | Gained mutation: You cannot study or cast Transmutations
                  | magic. [Ru sacrifice]
 10122 | D:9      | Gained mutation: You cannot study or cast Summoning magic.
                  | [Ru sacrifice]
 10122 | D:9      | Reached ***** piety under Ru
 10331 | D:9      | Noticed a cyan ugly thing
 10374 | D:8      | Mangled by a cyan ugly thing

Levels and vault maps discovered:
D:1:      lemuel_arrival_rhombus, layout_basic
D:2:      layout_basic, makhleb_altar_promises_db
D:3:      layout_loops_cross, chequers_temple_overflow_statue_of_worship,
          first_ration, grunt_ministairs_1
D:4:      layout_layer_cave, grunt_temple_overflow_magic_moments
D:5:      layout_basic, serial_shops, nicolae_shop_trees, shop_statue, shop,
          portal_sewer_entry_a, uniq_eustachio
D:6:      cheibrodos_quashed, layout_rooms, kennysheep_mini,
          kennysheep_mini_moat, minmay_temple_entry_statues, sword_in_stone
D:7:      layout_gridville, lemuel_round_altar
D:8:      layout_rooms, ebering_ghost_reflecting_pool, grunt_tough_drop
D:9:      layout_rooms

Skill      XL: |  1  2  3  4  5  6  7  8  9 10 |
---------------+-------------------------------+-----
Long Blades    | 3 4 5 6 7 8 |  8.0
Dodging        | 3 4 0 |  0.0
Fighting       | 3 4 5 7 9 |  9.2
Armour         | 2 4 6 |  6.5
Throwing       | |  1.7

Action                   |  1- 3 |  4- 6 |  7- 9 | 10-12 || total
-------------------------+-------+-------+-------+-------++-------
Melee: Long sword        |    94 |   191 |   150 |       ||   435
       Scimitar          |       |       |   283 |    35 ||   318
Throw: Throwing net      |     2 |     2 |       |       ||     4
Invok: Sacrifice Nimblen |       |     1 |       |       ||     1
       Power Leap        |       |       |     2 |       ||     2
       Sacrifice a Hand  |       |       |     1 |       ||     1
       Draw Out Power    |       |       |     2 |       ||     2
       Sacrifice Arcana  |       |       |       |     1 ||     1
Evoke: Wand              |       |       |     1 |       ||     1
  Use: Scroll            |     1 |     6 |     5 |     1 ||    13
 Stab: Held in net/web   |     1 |       |       |       ||     1
       Invisible         |       |       |     1 |     1 ||     2
       Distracted        |       |       |       |     1 ||     1
  Eat: Chunk             |     5 |    11 |    22 |     3 ||    41
       Ration            |       |       |     4 |       ||     4
Armor: Leather armour    |    20 |       |       |       ||    20
       Ring mail         |    19 |    52 |       |       ||    71
       Scale mail        |       |    18 |    78 |       ||    96
       Chain mail        |       |       |   173 |    28 ||   201
Dodge: Dodged            |    56 |   130 |   207 |    12 ||   405
       Rpst.: Long sword |    15 |    36 |    35 |       ||    86
       Scimitar          |       |       |    28 |     4 ||    32
